 Dungeon Crawl Stone Soup version 0.23-b1-3-gdda8187c6f (webtiles) character file.

Game seed: 6418326060043613235

1089 Infinimo the Firebug (level 8, 0/46 HPs)
             Began as an Octopode Fire Elementalist on Jan 31, 2019.
             Was an Initiate of Vehumet.
             Slain by an orc priest
             ... wielding a +0 hand axe
              (8 damage)
             ... on level 5 of the Dungeon.
             The game lasted 00:11:30 (5360 turns).

Infinimo the Firebug (Octopode Fire Elementalist)   Turns: 5360, Time: 00:11:32

Health: 0/46       AC:  1    Str:  8    XL:     8   Next: 31%
Magic:  3/14       EV: 13    Int: 19    God:    Vehumet [......]
Gold:   334        SH:  0    Dex: 12    Spells: 7/15 levels left

rFire    . . .     SeeInvis .   n - +3 dagger (venom)
rCold    . . .     Gourm    .   (no shield)
rNeg     . . .     Faith    .   (helmet restricted)
rPois    .         Spirit   .   (no amulet)
rElec    .         Reflect  .   (no ring)
rCorr    .         Harm     .   (no ring)
MR       .....                  (no ring)
Stlth    +++.......             (no ring)
HPRegen  0.15/turn              (no ring)
MPRegen  0.14/turn              (no ring)
                                (no ring)
                                (no ring)

@: studying Crossbows
A: almost no armour, stealthy swim, amphibious, 8 rings, constrict 8, camouflage
1, gelatinous body 1
a: Renounce Religion


You were on level 5 of the Dungeon.
You worshipped Vehumet.
Vehumet was noncommittal.
You were hungry.

You visited 1 branch of the dungeon, and saw 5 of its levels.
You also visited: Sewer.

You collected 334 gold pieces.

Inventory:

Hand Weapons
 c - a +0 dagger of speed
 n - a +3 dagger of venom (weapon)
Jewellery
 q - an uncursed ring of resist corrosion {unknown}
Wands
 l - a wand of disintegration (11)
Scrolls
 e - 8 scrolls of identify
 f - 3 scrolls of magic mapping
 h - a scroll of fear
 i - 2 scrolls of remove curse {unknown}
 m - 3 scrolls of teleportation
 t - a scroll of noise {unknown}
 u - a scroll of fog
Potions
 a - 6 potions of agility
 g - a potion of haste
 j - 2 potions of curing {unknown}
 k - a potion of berserk rage {unknown}
 o - a potion of invisibility {unknown}
 p - a potion of magic {unknown}
 r - a potion of flight {unknown}
Books
 s - a manual of Crossbows
Comestibles
 b - 15 rations


   Skills:
 - Level 2.0 Dodging
 - Level 2.7 Stealth
 + Level 4.2 Spellcasting
 * Level 6.0 Conjurations
 * Level 6.6 Fire Magic


You had 7 spell levels left.
You knew the following spells:

 Your Spells              Type           Power        Failure   Level  Hunger
a - Flame Tongue          Conj/Fire      ####.        1%          1    None
b - Conjure Flame         Conj/Fire      ####....     3%          3    ###....
c - Sticky Flame          Conj/Fire      ####....     10%         4    ####...

Your spell library contained the following spells:

 Spells                   Type           Power        Failure   Level  Hunger
 Throw Flame              Conj/Fire      ####..       1%          2    #......
 Inner Flame              Hex/Fire       ###.....     11%         3    ###....
 Fireball                 Conj/Fire      ####......   26%         5    ######.


Dungeon Overview and Level Annotations

Branches:
Dungeon (5/15)
 Temple: D:4-7

Altars:
Okawaru
Vehumet


Innate Abilities, Weirdness & Mutations

You cannot wear most types of armour.
You are very stealthy in the water. (Stealth+)
You are amphibious.
You can wear up to eight rings at the same time.
You can use your tentacles to constrict eight enemies at once.
Your skin changes colour to match your surroundings (Stealth+).
Your rubbery body absorbs attacks. (AC +1, EV +1)


Message History

Vehumet accepts your kill.
Your Conjurations skill increases to level 6!
An orc priest comes into view. It is wielding a +0 hand axe.
Okay, then.
The orc hits you with a +0 whip.
* * * LOW HITPOINT WARNING * * *
A phantom comes into view.
The orc priest shouts!
Casting: Sticky Flame (safe; 10% risk of failure)
Confirm with . or Enter, or press ? or * to list all spells.
Aiming: Sticky Flame (safe; 10% risk of failure)
Press: ? - help, Shift-Dir - straight line, f - orc priest
Aim: an orc priest, wielding a +0 hand axe The sticky flame hits the orc priest.
The orc priest is moderately wounded.
The orc priest is covered in liquid flames!
You hear a shout!
The orc priest burns!
The orc priest hits you with a +0 hand axe!
You die...

########.#(#☼#....#
.........#§#○#....
##########§#○#.... ###§#○#..W##
#.#§#○#....# .. #.#§#○#....# ...
#.#§#○#.)..#...
########.#§#§#..o.#.#
........<#§#§#.)@...#..
........##○#§#...o......
.#....####○#§#.....#####
..(......#○#§#.(####
###...####○#§#.....# ... #
#.#.##.#○#§#.(...# ####...
###.#..#.#○○§#.....#######.......
....##.#.#####.....##............
...###.............##..÷.........


You could see a phantom, an orc priest (burning) and an orc.

Vanquished Creatures
  Purgy (Sewer)
  A sky beast (D:5)
  An ogre (D:5)
  A centaur (D:5)
  2 howler monkeys (D:4)
  3 crimson imps (D:5)
  2 centaur skeletons
  3 hounds (D:5)
  An orc priest (D:4)
  An orc wizard (D:4)
  5 worker ants
  2 hound skeletons
  A worker ant zombie (D:3)
  An adder (D:4)
  7 gnolls
  A shadow imp (D:5)
  3 adder skeletons
  An adder zombie (D:3)
  4 worms
  3 dart slugs
  4 leopard geckos
  4 orcs
  A ball python (D:2)
  3 giant cockroaches
  5 goblins
  4 hobgoblins
  10 jackals
  A quokka (D:3)
  5 bats
  7 frilled lizards
  A jackal skeleton (D:3)
  2 jackal zombies (D:3)
  8 kobolds
  3 quokka zombies (D:3)
  5 rats
107 creatures vanquished.

Vanquished Creatures (others)
  A jelly (D:5)
1 creature vanquished.

Grand Total: 108 creatures vanquished

Notes
Turn   | Place    | Note
-------+----------+-------------------------------------------
     0 | D:1      | Infinimo the Octopode Fire Elementalist began the quest for
                  | the Orb.
     0 | D:1      | Reached XP level 1. HP: 11/11 MP: 3/3
   403 | D:1      | Reached XP level 2. HP: 17/17 MP: 3/5
   830 | D:2      | Reached XP level 3. HP: 21/21 MP: 2/6
  1530 | D:3      | Learned a level 3 spell: Conjure Flame
  1779 | D:3      | Reached XP level 4. HP: 27/27 MP: 2/7
  2003 | D:3      | Found an iron altar of Okawaru.
  2578 | D:3      | Reached XP level 5. HP: 31/31 MP: 6/9
  3429 | D:4      | Reached XP level 6. HP: 36/36 MP: 6/10
  3643 | D:4      | Learned a level 4 spell: Sticky Flame
  3694 | D:4      | Found a glowing drain.
  3705 | Sewer    | Entered a sewer
  3808 | Sewer    | Noticed Purgy
  3817 | Sewer    | Killed Purgy
  3817 | Sewer    | Reached skill level 5 in Fire Magic
  3938 | D:4      | Reached XP level 7. HP: 41/41 MP: 7/12
  4338 | D:5      | Entered Level 5 of the Dungeon
  4556 | D:5      | Reached skill level 5 in Conjurations
  4562 | D:5      | Found a radiant altar of Vehumet.
  4607 | D:5      | Became a worshipper of Vehumet
  4664 | D:5      | Reached XP level 8. HP: 13/46 MP: 1/14
  5360 | D:5      | Slain by an orc priest

Skill      XL: |  1  2  3  4  5  6  7  8 |
---------------+-------------------------+-----
Conjurations   | 2 3 4 5 6 |  6.0
Fire Magic     | 4 5 6 |  6.6
Spellcasting   | 3 4 |  4.2
Dodging        | |  2.0
Stealth        | |  2.7

Action                   |  1- 3 |  4- 6 |  7- 9 || total
-------------------------+-------+-------+-------++-------
Melee: Unarmed           |     6 |       |       ||     6
       Constrict         |     4 |     3 |     6 ||    13
       Dagger            |     2 |    10 |    31 ||    43
       Tentacles         |     1 |     1 |     6 ||     8
 Cast: Flame Tongue      |    67 |    96 |    58 ||   221
       Conjure Flame     |       |     1 |     1 ||     2
       Sticky Flame      |       |       |     3 ||     3
  Use: Scroll            |       |     9 |       ||     9
  Eat: Chunk             |     3 |     7 |     4 ||    14
Armor: Skin              |     2 |     3 |     2 ||     7
Dodge: Dodged            |    13 |    29 |    31 ||    73
